 Dungeon Crawl Stone Soup version 0.19.0-24-gb05acd6 (webtiles) character file.

6252 KarmaPolice the Artisan of Death (level 10, -11/77 HPs)
             Began as a Vampire Skald on Nov 22, 2016.
             Was a Priest of Kikubaaqudgha.
             Splashed by Erolcha's acid (12 damage)
             ... on level 9 of the Dungeon.
             The game lasted 01:10:29 (21873 turns).

KarmaPolice the Artisan of Death (Vampire Skald)   Turns: 21873, Time: 01:10:29

Health: -11/77     AC:  2    Str: 12    XL:     10   Next: 62%
Magic:  6/21       EV: 14    Int: 14    God:    Kikubaaqudgha [***...]
Gold:   448        SH:  0    Dex: 17    Spells: 7 memorised, 1 level left

rFire  . . .     SeeInvis +     r - +3 scimitar (flame)
rCold  + + .     Gourm    .     w - +1 robe {MR+}
rNeg   + + +     Faith    .     (no shield)
rPois  ∞         Spirit   .     f - +0 helmet
rElec  .         Reflect  .     o - +0 cloak
rCorr  .         Harm     .     (no gloves)
MR     ++...                    m - +0 pair of boots
Stlth  +++++.....               (no amulet)
                                (no ring)
                                h - ring of stealth

@: corroded, bloodless, non-regenerating
A: fangs 3, see invisible, unbreathing
a: Bat Form, Receive Corpses, Renounce Religion


You were on level 9 of the Dungeon.
You worshipped Kikubaaqudgha.
Kikubaaqudgha was most pleased with you.
You were bloodless.

You visited 2 branches of the dungeon, and saw 11 of its levels.
You also visited: Sewer.

You collected 448 gold pieces.

Inventory:

Hand Weapons
 r - a +3 scimitar of flaming (weapon)
 E - a +0 blowgun
 I - a +1 dagger of venom
Missiles
 F - 41 poisoned needles
Armour
 f - a +0 helmet (worn)
 m - a +0 pair of boots (worn)
 o - a +0 cloak (worn)
 w - a +1 robe of magic resistance (worn)
 y - the +8 chain mail of Jonidy {Int+5}
   (You found it on level 5 of the Dungeon)

   It affects your intelligence (+5).
Jewellery
 h - a ring of stealth (left hand)
Wands
 B - a wand of flame (23/48)
Scrolls
 g - a scroll of recharging
 p - a scroll of amnesia {unknown}
 q - a scroll of fear
 s - 3 scrolls of teleportation
 u - 2 scrolls of enchant armour
 v - 6 scrolls of fog
 x - a scroll of blinking {unknown}
 C - a scroll of remove curse {unknown}
 G - a scroll of silence {unknown}
 J - a scroll of enchant weapon {unknown}
Potions
 e - 3 potions of brilliance
 i - a potion of lignification {unknown}
 j - 9 potions of curing
 t - 2 potions of magic {unknown}
 A - a potion of berserk rage {unknown}
Books
 c - a book of Battle

   Spells                             Type                      Level
   a - Infusion                       Charms                       1
   b - Shroud of Golubria             Charms/Translocation         2
   c - Song of Slaying                Charms                       2
   d - Spectral Weapon                Hexes/Charms                 3
   e - Regeneration                   Charms/Necromancy            3
 z - Kikubaaqudgha's Disquisition on Stolen Souls
   (Kikubaaqudgha gifted it to you on level 6 of the Dungeon)

   Spells                             Type                      Level
   a - Animate Skeleton               Necromancy                   1
   b - Corpse Rot                     Necromancy                   2
   c - Sublimation of Blood           Necromancy                   2
   d - Regeneration                   Charms/Necromancy            3
   e - Control Undead                 Necromancy                   4
 D - a book of Cantrips

   Spells                             Type                      Level
   a - Confusing Touch                Hexes                        1
   b - Animate Skeleton               Necromancy                   1
   c - Summon Small Mammal            Summoning                    1
   d - Apportation                    Translocation                1
 H - Kikubaaqudgha's Volume of Unholy Arts
   (Kikubaaqudgha gifted it to you on level 9 of the Dungeon)

   Spells                             Type                      Level
   a - Animate Dead                   Necromancy                   4
   b - Bolt of Draining               Conjuration/Necromancy       5
   c - Agony                          Necromancy                   5
   d - Dispel Undead                  Necromancy                   5
   e - Death Channel                  Necromancy                   6


   Skills:
 - Level 6.6 Fighting
 + Level 7.1 Long Blades
 - Level 1.6 Armour
 - Level 4.0 Dodging
 + Level 7.9 Spellcasting
 - Level 4.0 Charms
 + Level 8.8 Necromancy
 + Level 2.4 Evocations


You had one spell level left.
You knew the following spells:

 Your Spells              Type           Power        Failure   Level  Hunger
a - Infusion              Chrm           ###.         2%          1    None
b - Shroud of Golubria    Chrm/Tloc      ##........   10%         2    None
c - Song of Slaying       Chrm           ###.....     3%          2    None
d - Regeneration          Chrm/Necr      ###.......   3%          3    ##.....
e - Death Channel         Necr           ####......   63%         6    #######
f - Animate Dead          Necr           N/A          4%          4    ####...
g - Agony                 Necr           ####....     12%         5    #####..


Dungeon Overview and Level Annotations

Branches:
Dungeon (10/15)            Temple (1/1) D:5             Orc (0/2) D:9
   Lair: D:8-11

Altars:
Cheibriados
Dithmenos
Elyvilon
Fedhas
Hepliaklqana
Kikubaaqudgha
Makhleb
Nemelex Xobeh
Okawaru
Sif Muna
Trog
Uskayaw
Vehumet
Beogh

Annotations:
D:7 Grum, Menkaure
D:9 Erolcha
D:10 Urug


Innate Abilities, Weirdness & Mutations

You do not heal naturally.
You are immune to poison.
You have razor-sharp teeth.
You have supernaturally acute eyesight. (SInv)
You can survive without breathing.


Message History

Unknown command.
Okay, then.
Okay, then.
Casting: Animate Dead
Confirm with . or Enter, or press ? or * to list all spells.
Okay, then.
Okay, then.
As you read the scroll labeled PUIBUG NAOF YBUL, it crumbles to dust.
The creatures around you are filled with an inner flame!
It was a scroll of immolation.
Erolcha casts a spell at you. The orb of energy misses you.
Your orc zombie hits Erolcha.
As you read the scroll labeled OFUCLER POXT, it crumbles to dust.
You feel aware of your surroundings.
It was a scroll of magic mapping.
Your orc zombie hits Erolcha but does no damage.
You feel better.
Erolcha zaps a wand.
The bolt of acid hits you!
* * * LOW HITPOINT WARNING * * *
You are splashed with acid!
The acid burns!
You die...
Kikubaaqudgha rasps: "You have failed me!
Welcome... oblivion!"

##### #..# ....#
#####'#######
...)#####...........#
..(.(.(##.......)...#
...(##..'.........§.#
.<..#####.......§§§.#
....# #.......§Z§.#
....# #......§O§§.#
....# #.......@§§.#
..).# #...........#
##'## #####...#####
...# #####.###### ####
#..........# ...#
#......O...# ...###
#..........#
...'.######..........#
...#......#..........#


You could see Erolcha (inner flame) and a friendly orc zombie (inner flame).

Vanquished Creatures
  Erica (D:8)
  Pikel (D:6)
  Joseph (D:7)
  A troll (D:9)
  2 wyverns
  A hungry ghost (D:8)
  A soldier ant (D:9)
  2 water moccasins (D:8)
  An orc warrior (D:9)
  2 ice beasts (D:5)
  A black bear (D:7)
  A phantom (D:9)
  2 centaurs (D:5)
  3 ogres
  4 wolves
  3 big kobolds
  3 bullfrogs
  A gnoll sergeant (D:8)
  4 scorpions
  2 howler monkeys (D:8)
  4 crimson imps
  A bullfrog zombie (D:5)
  A centaur zombie (D:6)
  6 hounds
  A jelly (D:7)
  5 orc priests
  9 orc wizards
  5 iguanas
  2 worker ants
  A killer bee zombie (D:7)
  A hound skeleton (D:10)
  A hound zombie (D:6)
  A mummy (D:4)
  3 worker ant zombies
  9 gnolls
  11 adders
  3 shadow imps
  3 oozes
  2 adder skeletons
  3 worms (D:2)
  A dart slug (D:1)
  6 leopard geckos
  35 orcs
  14 giant cockroaches
  7 goblins
  8 hobgoblins
  10 jackals
  4 quokkas
  2 ball pythons (Sewer)
  2 bats
  9 frilled lizards
  2 jackal zombies
  34 kobolds
  A leopard gecko skeleton (D:5)
  A quokka skeleton (D:7)
  3 rats (D:1)
  7 plants (Sewer)
255 creatures vanquished.

Vanquished Creatures (collateral kills)
  Maurice (D:8)
  An orc warrior (D:9)
2 creatures vanquished.

Vanquished Creatures (others)
  An orc wizard (D:7)
  A leopard gecko (D:4)
2 creatures vanquished.

Grand Total: 259 creatures vanquished

Notes
Turn   | Place    | Note
-------+----------+-------------------------------------------
     0 | D:1      | KarmaPolice the Vampire Skald began the quest for the Orb.
     0 | D:1      | Reached XP level 1. HP: 16/16 MP: 3/3
   172 | D:1      | Reached XP level 2. HP: 20/22 MP: 5/5
  1251 | D:1      | Reached XP level 3. HP: 27/27 MP: 6/6
  1422 | D:2      | Learned a level 2 spell: Shroud of Golubria
  1425 | D:2      | Learned a level 2 spell: Song of Slaying
  2814 | D:2      | Reached XP level 4. HP: 34/34 MP: 7/7
  3194 | D:3      | Found a glowing drain.
  3206 | Sewer    | Entered a sewer
  3212 | Sewer    | Learned a level 3 spell: Regeneration
  3948 | Sewer    | Reached skill level 1 in Necromancy
  4137 | Sewer    | Reached XP level 5. HP: 30/39 MP: 1/9
  5552 | D:5      | Entered Level 5 of the Dungeon
  5863 | D:4      | Reached skill level 2 in Necromancy
  6329 | D:5      | Noticed a centaur
  6341 | D:5      | Killed a centaur
  6341 | D:5      | Reached XP level 6. HP: 28/47 MP: 0/11
  6528 | D:4      | Found a sparkling altar of Nemelex Xobeh.
  7241 | D:5      | Reached skill level 3 in Necromancy
  7467 | D:5      | Reached XP level 7. HP: 42/53 MP: 12/12
  7471 | D:5      | Found a staircase to the Ecumenical Temple.
  7484 | Temple   | Entered the Ecumenical Temple
  7576 | Temple   | Became a worshipper of Kikubaaqudgha
  7845 | D:5      | Got a transparent chain mail
  8371 | D:5      | Identified the +8 chain mail of Jonidy {Int+5} (You found it on level 5 of the Dungeon)
  8440 | D:5      | Reached skill level 1 in Armour
  9222 | D:6      | Reached skill level 5 in Long Blades
  9222 | D:6      | Reached skill level 4 in Necromancy
  9249 | D:6      | Reached * piety under Kikubaaqudgha
  9249 | D:6      | Identified Kikubaaqudgha's Disquisition on Stolen Souls (Kikubaaqudgha gifted it to you on level 6 of the Dungeon)
  9249 | D:6      | Received a gift from Kikubaaqudgha
  9320 | D:6      | Reached XP level 8. HP: 40/61 MP: 14/14
  9908 | D:6      | Noticed Pikel
  9967 | D:6      | Killed Pikel
  9967 | D:6      | Reached skill level 5 in Spellcasting
  9967 | D:6      | Reached skill level 5 in Necromancy
 10042 | D:6      | Reached skill level 6 in Necromancy
 10621 | D:7      | Noticed Joseph
 10676 | D:7      | Killed Joseph
 10676 | D:7      | Reached skill level 5 in Fighting
 10676 | D:7      | Reached XP level 9. HP: 21/68 MP: 16/18
 12241 | D:7      | Reached ** piety under Kikubaaqudgha
 12969 | D:8      | Noticed Grum
 13475 | D:7      | Noticed Menkaure
 13517 | D:7      | Reached skill level 7 in Necromancy
 13646 | D:7      | Found a bloodstained altar of Trog.
 14904 | D:8      | Noticed Erica
 15414 | D:8      | Noticed Maurice
 15547 | D:8      | HP: 3/69 [wolf[Grum] (6)]
 15547 | D:8      | HP: 1/69 [wolf[Grum] (2)]
 15888 | D:8      | Killed Erica
 15888 | D:8      | Reached XP level 10. HP: 62/77 MP: 20/20
 17627 | D:8      | Reached skill level 8 in Necromancy
 17836 | D:9      | Found a staircase to the Orcish Mines.
 17842 | D:10     | Entered Level 10 of the Dungeon
 17964 | D:10     | Noticed Urug
 18264 | D:9      | Reached *** piety under Kikubaaqudgha
 18264 | D:9      | Identified Kikubaaqudgha's Volume of Unholy Arts (Kikubaaqudgha gifted it to you on level 9 of the Dungeon)
 18264 | D:9      | Received a gift from Kikubaaqudgha
 18266 | D:9      | Reached skill level 1 in Evocations
 18466 | D:9      | Noticed Erolcha
 18576 | D:9      | Found a roughly hewn altar of Beogh.
 19826 | D:10     | Noticed a hill giant
 20514 | D:8      | Learned a level 6 spell: Death Channel
 20519 | D:8      | Learned a level 4 spell: Animate Dead
 20901 | D:8      | Killed Maurice
 21780 | D:9      | Learned a level 5 spell: Agony
 21861 | D:9      | HP: 2/77 [Erolcha/orb of energy (15)]
 21870 | D:9      | HP: 2/77 [Erolcha/fireball (14)]
 21873 | D:9      | Splashed by Erolcha's acid

Skill      XL: |  1  2  3  4  5  6  7  8  9 10 |
---------------+-------------------------------+-----
Fighting       | 2 3 4 5 6 |  6.6
Long Blades    | 3 4 5 6 7 |  7.1
Charms         | 4 |  4.0
Necromancy     | 1 2 3 4 6 7 8 |  8.8
Spellcasting   | 3 4 6 7 |  7.9
Armour         | 1 |  1.6
Dodging        | 4 |  4.0
Evocations     | 2 |  2.4

Action                   |  1- 3 |  4- 6 |  7- 9 | 10-12 || total
-------------------------+-------+-------+-------+-------++-------
Melee: Falchion          |   106 |   547 |   928 |     3 ||  1584
       Bite              |    13 |    95 |   121 |    29 ||   258
       Unarmed           |       |    28 |    33 |    24 ||    85
       Scimitar          |       |       |       |   155 ||   155
 Fire: Blowgun           |       |       |     7 |    18 ||    25
 Cast: Infusion          |     3 |    25 |     4 |     8 ||    40
       Shroud of Golubri |     2 |    14 |     2 |     3 ||    21
       Song of Slaying   |     1 |     5 |       |     1 ||     7
       Regeneration      |       |     9 |     1 |     2 ||    12
       Animate Dead      |       |       |       |     9 ||     9
Invok: Receive Corpses   |       |       |       |     2 ||     2
 Abil: End Transformatio |     2 |    35 |    49 |    36 ||   122
       Bat Form          |     2 |    35 |    49 |    36 ||   122
  Use: Potion            |     4 |     8 |    17 |     9 ||    38
       Scroll            |       |     1 |     8 |     5 ||    14
 Stab: Sleeping          |     4 |     3 |     1 |       ||     8
       Distracted        |       |     1 |     1 |     1 ||     3
  Eat: Corpse            |       |     9 |    11 |     7 ||    27
Armor: Leather armour    |    36 |    77 |    12 |       ||   125
       Chain mail        |       |       |   735 |    62 ||   797
       Robe              |       |       |       |     5 ||     5
Dodge: Dodged            |    60 |   123 |   341 |   125 ||   649
       Rpst.: Falchion   |    12 |    41 |    92 |       ||   145
       Scimitar          |       |       |       |    25 ||    25
